 Dungeon Crawl Stone Soup version 0.23-a0-143-g1adec7b (webtiles) character file.

115471 iamserjio the Fighter (level 16, 25/143 HPs)
             Began as a Purple Draconian Wanderer on Sept 4, 2018.
             Was an Elder of Cheibriados.
             Quit the game on level 1 of the Elven Halls.
             The game lasted 02:29:07 (49508 turns).

iamserjio the Fighter (Purple Draconian Wanderer)  Turns: 49508, Time: 02:29:08

Health: 25/143     AC: 15    Str: 27    XL:     16   Next: 18%
Magic:  8/28       EV: 21    Int: 26    God:    Cheibriados [****..]
Gold:   154        SH:  0    Dex: 19    Spells: 14/31 levels left

rFire    . . .     SeeInvis .     - Unarmed
rCold    + . .     Gourm    .   (no shield)
rNeg     + . .     Faith    .   (armour unavailable)
rPois    +         Spirit   .   (helmet restricted)
rElec    +         Reflect  .   (no cloak)
rCorr    .         Harm     .   o - +2 pair of gloves "Roentin" {rPois rN+}
MR       ++...                  V - +2 pair of boots
Stlth    +.........             Q - amulet of the acrobat
HPRegen  0.33/turn              B - ring "Kaquy" {rElec rC+}
MPRegen  0.21/turn              G - ring of wizardry

@: mildly poisoned (25 -> 19), contaminated, glowing, drained, very slow
A: breathe power, unfitting armour, cold-blooded, AC +9
a: Breathe Dispelling Energy, Bend Time, Temporal Distortion, Slouch, Renounce
Religion


You were on level 1 of the Elven Halls.
You worshipped Cheibriados.
Cheibriados was greatly pleased with you.
You were not hungry.

You visited 7 branches of the dungeon, and saw 28 of its levels.
You also visited: Ossuary.

You collected 2411 gold pieces.
You spent 2257 gold pieces at shops.

Inventory:

Missiles
 b - 4 throwing nets {!f}
 n - 55 tomahawks (quivered)
 y - 432 arrows
Armour
 o - the +2 pair of gloves "Roentin" (worn) {rPois rN+}
   (You bought it in a shop on level 2 of the Orcish Mines)

   It protects you from poison.
   It protects you from negative energy.
 q - the +8 large shield of Nuyju {*Drain rN++ Str+2 Dex-4}
   (You acquired it on level 5 of the Dungeon)

   It affects your strength (+2).
   It affects your dexterity (-4).
   It greatly protects you from negative energy.
   It causes draining when unequipped.
 s - a +4 shield
 V - a +2 pair of boots (worn)
Magical Staves
 J - an uncursed staff of air
Jewellery
 a - an uncursed ring of fire
 p - a +2 ring of evasion
 u - an uncursed ring of protection from cold
 v - an uncursed amulet of magic regeneration
 z - the ring of Ficosaq {rCorr *Slow rPois rN+}
   (You found it on level 5 of the Lair of Beasts)

   [ring of resist corrosion]

   It protects you from poison.
   It protects you from negative energy.
   It may slow you when you take damage.
 B - the ring "Kaquy" (left hand) {rElec rC+}
   (You bought it in a shop on level 2 of the Shoals)

   [ring of protection from cold]

   It protects you from cold.
   It insulates you from electricity.
 E - an uncursed ring of stealth
 G - a ring of wizardry (right hand)
 Q - an amulet of the acrobat (around neck)
 S - an uncursed ring of poison resistance
Wands
 h - a wand of enslavement (3)
 M - a wand of digging (11)
 Y - a wand of polymorph (22)
Scrolls
 e - 2 scrolls of amnesia
 f - 15 scrolls of remove curse {@r2}
 g - a scroll of identify {@r1}
 l - 3 scrolls of fear
 x - a scroll of silence
 R - a scroll of magic mapping {unknown}
 T - a scroll of summoning {unknown}
 X - 4 scrolls of immolation
 Z - a scroll of fog {unknown}
Potions
 c - 6 potions of curing {@q1}
 m - 7 potions of brilliance
 r - 2 potions of flight
 t - 2 potions of cancellation
 w - 3 potions of agility
 A - a potion of magic
 D - 2 potions of resistance
 F - 6 potions of mutation
 H - 2 potions of might
 P - 2 potions of invisibility
Miscellaneous
 i - a phial of floods (inert)
Comestibles
 d - 34 rations


   Skills:
 - Level 13.0(12.2) Fighting
   Level 5.0(4.4) Maces & Flails
 - Level 12.0(11.2) Dodging
 - Level 1.0(0.4) Stealth
 - Level 12.4(11.7) Shields
 - Level 12.0(11.2) Unarmed Combat
 - Level 8.0(7.3) Spellcasting
 - Level 4.0(3.4) Translocations
 * Level 10.0(9.4) Transmutations
 - Level 11.0(10.3) Invocations
 - Level 4.0(3.4) Evocations


You had 14 spell levels left.
You knew the following spells:

 Your Spells              Type           Power        Failure   Level  Hunger
a - Apportation           Tloc           ####..       1%          1    None
b - Blink                 Tloc           N/A          1%          2    None
c - Passage of Golubria   Tloc           N/A          6%          4    ##.....
d - Mephitic Cloud        Conj/Pois/Air  #.......     8%          3    None
e - Dragon Form           Tmut           ######....   38%         7    #######

Your spell library contained the following spells:

 Spells                   Type           Power        Failure   Level  Hunger
 Beastly Appendage        Tmut           ######       1%          1    None
 Teleport Other           Tloc           ####....     1%          3    None
 Corona                   Hex            #......      2%          1    None
 Flame Tongue             Conj/Fire      #....        2%          1    None
 Magic Dart               Conj           #...         2%          1    None
 Call Imp                 Summ           #.......     3%          2    None
 Ensorcelled Hibernation  Hex/Ice        #.....       3%          2    None
 Searing Ray              Conj           #.....       3%          2    None
 Slow                     Hex            #.......     3%          2    None
 Throw Flame              Conj/Fire      #.....       3%          2    None
 Ice Form                 Ice/Tmut       ####....     3%          4    ##.....
 Confuse                  Hex            #.......     8%          3    None
 Conjure Flame            Conj/Fire      #.......     8%          3    None
 Dazzling Spray           Conj/Hex       #.....       8%          3    None
 Inner Flame              Hex/Fire       #.......     8%          3    None
 Tukima's Dance           Hex            #.......     8%          3    None
 Force Lance              Conj/Tloc      ###.....     12%         4    ##.....
 Fulminant Prism          Conj/Hex       #.........   24%         4    ##.....
 Iskenderun's Mystic Bla  Conj           #.......     24%         4    ##.....
 Sticky Flame             Conj/Fire      #.......     24%         4    ##.....
 Summon Ice Beast         Ice/Summ       #.......     24%         4    ##.....
 Summon Lightning Spire   Summ/Air       #.......     24%         4    ##.....
 Fireball                 Conj/Fire      #.........   52%         5    #####..
 Venom Bolt               Conj/Pois      #.........   52%         5    #####..


Dungeon Overview and Level Annotations

Branches:
Dungeon (14/15)            Temple (1/1) D:5            Lair (6/6) D:11
 Shoals (3/4) Lair:2        Snake (1/4) Lair:2        Slime (0/5) Lair:5
    Orc (2/2) D:10            Elf (1/3) Orc:2        Vaults (0/5) D:13

Altars:
Ashenzari
Cheibriados
Dithmenos
Elyvilon
Fedhas
Gozag
Hepliaklqana
Kikubaaqudgha
Makhleb
Nemelex Xobeh
Okawaru
Qazlal
Ru
Sif Muna
Trog
Uskayaw
Vehumet
Wu Jian
Xom
Yredelemnul
Zin
The Shining One
Beogh
Jiyva

Shops:
D:5 [   D:7 *   D:13 *   Orc:1 =   Orc:2 *[(:   Shoals:2 =

Annotations:
D:13 1 runed door, Vajrapani's ghost, journeyman OpEn
Snake:1 Asterion


Innate Abilities, Weirdness & Mutations

You can breathe bolts of dispelling energy.
Your rich purple scales are hard. (AC +9)
You cannot fit into any form of body armour.
You are cold-blooded and may be slowed by cold attacks.


Message History

The spell is very dangerous to cast (38% risk of failure)!
Continue anyway?
You miscast Dragon Form.
You are contaminated with residual magic.
You feel a strange surge of energy! The jumping spider pounces on you!
The jumping spider closely misses you.
The trident of venom hits you from afar!
* * * LOW HITPOINT WARNING * * *
You are poisoned.
The deep elf mage mumbles some strange words.
The demonic crawler misses you.
The demonic crawler hits you but does no damage.
The demonic crawler hits you!
* * * LOW HITPOINT WARNING * * *
Okay, then.
Unknown command.
Unknown command.
Okay, then.
Okay, then.
Okay, then.
Unknown command.

###
#.#.######.#.#
..#
#.##..........#
..##..
######.....#####
...#.#
##......... .....
##.#####.. .....#
#.# .....# #.#
...### ##'## ..##
##..@## ..#
##..rss## .##
##...se((## ###
##..).(Yre.#..#
..#
...'.....e).Y'.#
#.##
.###........)...#
...#
##.......##.##
##.# ##.....## ..
#..# ##...##


You could see 2 demonic crawlers, a deep elf archer, 2 deep elf magi, a jumping
spider, 2 ice beasts, 2 hell rats and 2 dancing weapons.

Vanquished Creatures
  Saint Roka (Orc:2)
  Frances (Lair:2)
  Kirke (Shoals:2)
  A deep elf demonologist (Elf:1)
  A stone giant (Orc:1)
  A dire elephant (Lair:6)
  2 deep elf death magi
  3 merfolk javelineers
  Snorg (D:10)
  A merfolk impaler (Shoals:3)
  The ghost of Uril the Severer, a journeyman MiBe of Trog (Lair:1)
  The ghost of Kufareon the Nimble, a journeyman OpFi of Cheibriados (Lair:3)
  3 hydras
  Fannar (D:11)
  A naga warrior (Snake:1)
  A merfolk aquamancer (Shoals:2)
  A catoblepas (Lair:6)
  An anaconda (Shoals:3)
  6 dancing weapons
  15 death yaks (Lair:6)
  A tengu warrior (D:13)
  A two-headed ogre (Orc:1)
  3 orc high priests
  The ghost of Isoivuar the Slicer, a novice DsFi of Uskayaw (Lair:1)
  A deep troll shaman (Lair:6)
  Sonja (D:10)
  4 deep elf knights (Elf:1)
  The ghost of Oxuza the Nimble, a novice FeVM of Ru (Lair:1)
  A swamp dragon (Shoals:2)
  7 sea snakes
  3 deep elf archers (Elf:1)
  5 orc knights
  An ugly thing (D:11)
  2 cyclopes (Shoals:2)
  2 orc sorcerers (Orc:2)
  5 manticores
  4 fauns (Shoals:3)
  10 deep elf magi
  3 merfolk sirens
  A rust devil (D:11)
  16 elephants
  7 black mambas
  A guardian serpent (D:11)
  7 spiny frogs
  3 water nymphs
  3 centaur skeletons
  A gargoyle (D:12)
  A spiny frog (shapeshifter) (D:13)
  3 rime drakes
  4 komodo dragons
  5 yaktaurs
  A red devil (D:10)
  A queen bee (D:10)
  7 trolls
  The ghost of Multipenetrator the Ruffian, a novice VSTm of Uskayaw (D:4)
  A hornet (D:11)
  4 wind drakes
  4 polar bears
  A tyrant leech (D:13)
  5 blink frogs (Lair:3)
  20 merfolk
  Grinder (D:5)
  7 dream sheep
  4 slime creatures (D:13)
  8 hippogriffs
  5 snapping turtles
  Sigmund (D:5)
  2 vampires (D:13)
  2 wyverns
  4 water elementals
  21 yaks
  3 basilisks
  2 fire bats (D:5)
  A golden eye (D:13)
  3 hungry ghosts
  3 vampire mosquitoes (D:13)
  A naga (Lair:2)
  4 wargs
  Edmund (D:5)
  14 water moccasins
  10 porcupines
  A floating eye (Lair:5)
  25 orc warriors
  14 ice beasts
  6 sky beasts
  5 phantoms
  4 black bears
  A necrophage (D:8)
  8 wolves
  12 centaurs
  8 ogres
  8 crocodiles
  A big kobold (D:8)
  Blork the orc (D:5)
  15 bullfrogs
  A wyvern zombie (D:10)
  A water moccasin zombie (D:7)
  16 killer bees
  15 scorpions
  8 wights
  4 howler monkeys
  An electric eel (D:10)
  9 crimson imps
  4 centaur zombies
  A bullfrog zombie (D:13)
  3 quasits
  3 hounds
  21 orc priests
  3 human zombies (Ossuary)
  2 jellies
  Ijyb (D:5)
  4 iguanas
  20 orc wizards
  17 worker ants
  3 big kobold zombies (Ossuary)
  A hound zombie (D:10)
  A hound skeleton (D:11)
  3 mummies (Ossuary)
  16 adders
  3 gnolls (D:5)
  6 scorpion zombies (Ossuary)
  A shadow imp (D:10)
  An ooze (D:1)
  2 adder zombies (D:8)
  2 worms
  9 leopard geckos
  62 orcs
  A ball python (D:3)
  11 giant cockroaches
  2 gnoll zombies (Ossuary)
  10 goblins
  6 hobgoblins (D:1)
  3 jackals (D:4)
  4 quokkas
  12 bats
  9 frilled lizards
  2 giant cockroach zombies (D:5)
  A goblin zombie (Ossuary)
  6 kobolds
  A kobold zombie (Ossuary)
  2 orc zombies (Ossuary)
  5 rats
  2 tentacles (Shoals:2)
724 creatures vanquished.

Vanquished Creatures (collateral kills)
  A naga warrior (Snake:1)
  An anaconda (Snake:1)
  A naga ritualist (Snake:1)
  A deep elf archer (Elf:1)
  An ugly thing (D:13)
  A mana viper (Snake:1)
  2 fauns (Shoals:3)
  An orc sorcerer (Orc:2)
  2 snapping turtles
  3 nagas (Snake:1)
  A killer bee (D:11)
  An orc wizard (Elf:1)
16 creatures vanquished.

Vanquished Creatures (others)
  A black mamba (Snake:1)
  A satyr (Shoals:3)
  A deep elf knight (Elf:1)
  A faun (Shoals:3)
  A rime drake (Lair:6)
  A merfolk (Shoals:3)
  7 humans (Shoals:3)
  A centaur (D:14)
  A big kobold zombie (Ossuary)
  3 worms (D:10)
  2 bushes
  5 fungi
  14 plants
  21 tentacles (Shoals:2)
  3 withered plants (Lair:1)
63 creatures vanquished.

Grand Total: 803 creatures vanquished

Notes
Turn   | Place    | Note
-------+----------+-------------------------------------------
     0 | D:1      | iamserjio the Draconian Wanderer began the quest for the
                  | Orb.
     0 | D:1      | iamserjio set off with: a +2 mace, a scroll of
                  | teleportation, a potion of curing {@q1}, a ration
     0 | D:1      | Reached XP level 1. HP: 19/19 MP: 1/1
    25 | D:1      | Reached skill level 1 in Dodging
    25 | D:1      | Reached XP level 2. HP: 20/26 MP: 2/2
   741 | D:1      | Reached skill level 4 in Fighting
   795 | D:1      | Reached XP level 3. HP: 25/33 MP: 3/3
  1583 | D:2      | Found a faded altar of an unknown god.
  1715 | D:2      | Reached XP level 4. HP: 40/40 MP: 4/4
  2319 | D:3      | Noticed a phantom
  2864 | D:3      | Killed a phantom
  2864 | D:3      | Reached XP level 5. HP: 24/46 MP: 5/5
  3427 | D:3      | Reached XP level 6. HP: 43/53 MP: 6/6
  3659 | D:4      | Found a large runed door.
  3659 | D:4      | Found a large runed door.
  3663 | D:4      | Noticed Multipenetrator's ghost (novice VSTm)
  3699 | D:4      | Reached skill level 5 in Dodging
  4010 | D:4      | Reached skill level 5 in Fighting
  5238 | D:5      | Entered Level 5 of the Dungeon
  5258 | D:5      | Noticed Edmund
  5274 | D:5      | Killed Edmund
  5274 | D:5      | Reached skill level 6 in Fighting
  5274 | D:5      | Your scales start taking on a rich purple colour.
  5274 | D:5      | Reached XP level 7. HP: 40/63 MP: 7/7
  5297 | D:5      | Found Naleogiado's Armour Boutique.
  5306 | D:5      | Noticed Sigmund
  5318 | D:5      | Killed Sigmund
  5321 | D:5      | Noticed Grinder
  5321 | D:5      | Paralysed by Grinder for 6 turns
  5344 | D:5      | Paralysed by Grinder for 5 turns
  5371 | D:5      | Paralysed by Grinder for 7 turns
  5380 | D:5      | Killed Grinder
  5380 | D:5      | Reached XP level 8. HP: 53/71 MP: 8/8
  5385 | D:5      | Found a sand-covered staircase.
  5392 | Ossuary  | Entered an ossuary
  5484 | Ossuary  | Reached skill level 7 in Fighting
  6060 | Ossuary  | Reached skill level 8 in Fighting
  6256 | Ossuary  | Reached skill level 1 in Unarmed Combat
  6982 | Ossuary  | HP: 2/74 [mummy (19)]
  8073 | D:5      | Found a transporter.
  8077 | D:5      | Reached skill level 5 in Unarmed Combat
  8313 | D:5      | Found a sacrificial altar of Ru.
  8393 | D:5      | Reached XP level 9. HP: 37/81 MP: 9/9
  8654 | D:5      | Noticed Blork the orc
  8688 | D:5      | Killed Blork the orc
  8876 | D:5      | Noticed Ijyb
  8887 | D:5      | Killed Ijyb
  8935 | D:5      | Found an ornate altar of the Wu Jian Council.
  8957 | D:5      | Found a transporter.
  9004 | D:5      | Found a staircase to the Ecumenical Temple.
  9011 | Temple   | Entered the Ecumenical Temple
  9202 | Temple   | Became a worshipper of Cheibriados the Contemplative
  9537 | D:6      | Identified the Disquisition on Quantum Intoxication
  9548 | D:6      | Learned a level 1 spell: Apportation
  9551 | D:6      | Learned a level 2 spell: Blink
 10047 | D:6      | Reached * piety under Cheibriados
 10724 | D:7      | Found a shimmering altar of Xom.
 10724 | D:7      | Found a shimmering altar of Xom.
 10724 | D:7      | Found a shimmering altar of Xom.
 10724 | D:7      | Found a shimmering altar of Xom.
 10725 | D:7      | Found a shimmering altar of Xom.
 10726 | D:7      | Found a shimmering altar of Xom.
 10781 | D:7      | Found Mausehol's Assorted Antiques.
 10787 | D:7      | Bought a wand of enslavement (13) for 38 gold pieces
 10787 | D:7      | Bought a scroll labeled BOPPIN UXZIQACH for 19 gold pieces
 10787 | D:7      | Bought a runed peridot ring for 95 gold pieces
 10787 | D:7      | Bought a scroll labeled IROSHE OFUIRGH for 19 gold pieces
 10808 | D:7      | Reached skill level 1 in Evocations
 11318 | D:7      | Reached ** piety under Cheibriados
 11365 | D:7      | You fall through a shaft!
 11445 | D:8      | Reached skill level 10 in Unarmed Combat
 11549 | D:8      | Reached XP level 10. HP: 86/88 MP: 11/11
 12515 | D:9      | Reached *** piety under Cheibriados
 13445 | D:9      | Found an opulent altar of Gozag.
 13448 | D:9      | Found a stormy altar of Qazlal.
 13451 | D:9      | Found an ancient bone altar of Kikubaaqudgha.
 13765 | D:10     | Entered Level 10 of the Dungeon
 14506 | D:10     | Reached skill level 1 in Invocations
 14639 | D:10     | Reached **** piety under Cheibriados
 14756 | D:10     | Noticed Snorg
 14765 | D:10     | Killed Snorg
 15055 | D:10     | Found a staircase to the Orcish Mines.
 15375 | D:10     | Noticed Sonja
 15377 | D:10     | Killed Sonja
 15377 | D:10     | Reached XP level 11. HP: 94/94 MP: 14/14
 15403 | D:10     | Reached skill level 9 in Fighting
 16275 | D:11     | Reached ***** piety under Cheibriados
 16533 | D:11     | Noticed Fannar
 16710 | D:11     | Found a staircase to the Lair.
 16780 | D:11     | Reached skill level 1 in Spellcasting
 16780 | D:11     | Reached skill level 1 in Translocations
 16945 | D:11     | Noticed a white ugly thing
 17324 | D:11     | Killed Fannar
 17635 | D:11     | Reached skill level 5 in Invocations
 18146 | D:11     | Reached skill level 10 in Fighting
 19535 | D:12     | Reached XP level 12. HP: 101/107 MP: 17/17
 20060 | D:13     | Reached skill level 11 in Fighting
 20099 | D:13     | Noticed a vampire knight
 20352 | D:13     | Reached ****** piety under Cheibriados
 20611 | D:13     | Found a gate to the Vaults.
 20625 | D:13     | Reached skill level 10 in Dodging
 21387 | D:4      | Killed Multipenetrator's ghost
 21461 | D:7      | Bought a distressingly furry buckler for 180 gold pieces
 21461 | D:7      | Bought a potion of lignification for 57 gold pieces
 21471 | D:7      | Identified the +0 buckler of the Heavens {-Tele MR++ rCorr
                  | MP+9} (You bought it in a shop on level 7 of the Dungeon)
 21486 | D:7      | Learned a level 4 spell: Passage of Golubria
 21692 | Lair:1   | Entered Level 1 of the Lair of Beasts
 21921 | Lair:1   | Noticed a six-headed hydra
 21928 | Lair:1   | Killed a six-headed hydra
 22340 | Lair:1   | Found a runed gate.
 22340 | Lair:1   | Found a runed gate.
 22340 | Lair:1   | Found a runed gate.
 22347 | Lair:1   | Noticed Oxuza's ghost (novice FeVM)
 22348 | Lair:1   | Found the +12 glaive of Prune {chop}
 22348 | Lair:1   | Noticed Uril's ghost (journeyman MiBe)
 22348 | Lair:1   | Noticed Isoivuar's ghost (novice DsFi)
 22747 | Lair:2   | Found a staircase to the Snake Pit.
 22949 | Lair:2   | Found a staircase to the Shoals.
 23157 | Lair:2   | Reached XP level 13. HP: 112/115 MP: 19/19
 23756 | Lair:3   | Noticed Kufareon's ghost (journeyman OpFi)
 24446 | Lair:3   | Found a transporter.
 24449 | Lair:3   | Found a transporter.
 25377 | Lair:5   | Noticed Nessos
 25378 | Lair:5   | Noticed Nessos
 25378 | Lair:5   | Nessos changed into Nessos the floating eye
 25381 | Lair:5   | Paralysed by Nessos for 2 turns
 25383 | Lair:5   | Killed Nessos the floating eye
 25405 | Lair:5   | Got a fine bronze ring
 25452 | Lair:5   | Found a viscous altar of Jiyva.
 25453 | Lair:5   | Found a staircase to the Slime Pits.
 25679 | Lair:5   | Identified the ring of Ficosaq {rCorr *Slow rPois rN+} (You
                  | found it on level 5 of the Lair of Beasts)
 25956 | Lair:5   | Identified a scroll of acquirement
 25962 | Lair:6   | Entered Level 6 of the Lair of Beasts
 26075 | Lair:6   | Reached skill level 10 in Invocations
 26410 | Lair:6   | Reached skill level 12 in Fighting
 26451 | Lair:6   | Reached skill level 5 in Shields
 26891 | Lair:6   | Reached XP level 14. HP: 47/125 MP: 9/22
 28054 | Lair:6   | Learned a level 3 spell: Mephitic Cloud
 29138 | Lair:6   | Reached skill level 5 in Spellcasting
 29704 | Lair:3   | Killed Kufareon's ghost
 30029 | Lair:1   | Killed Uril's ghost
 30029 | Lair:1   | Reached skill level 10 in Shields
 30047 | Lair:1   | Killed Isoivuar's ghost
 30618 | Lair:1   | Killed Oxuza's ghost
 30989 | D:13     | Noticed a vampire knight
 31010 | D:13     | Found the +12 Vampire's Tooth {vamp}
 31253 | D:13     | Found Pityceet's Assorted Antiques.
 31258 | D:13     | Bought a crude buckler for 361 gold pieces
 31271 | D:13     | Identified the cursed +0 buckler of Repulsion {rF- Int+6}
                  | (You bought it in a shop on level 13 of the Dungeon)
 31310 | D:13     | Found a runed door.
 31311 | D:13     | Noticed Vajrapani's ghost (journeyman OpEn)
 32772 | Orc:1    | Entered Level 1 of the Orcish Mines
 32878 | Orc:2    | Entered Level 2 of the Orcish Mines
 33556 | Orc:2    | Found a staircase to the Elven Halls.
 34602 | Orc:2    | Noticed Saint Roka
 34665 | Orc:2    | Killed Saint Roka
 35287 | Orc:2    | Found a roughly hewn altar of Beogh.
 35297 | Orc:2    | Found Wirad's Antique Armour Shop.
 35346 | Orc:2    | Found Foigul's Book Shop.
 35361 | Orc:2    | Found Ylylimi's Antique Weapon Shop.
 35454 | Orc:2    | Found Ishui's General Store.
 35586 | Orc:2    | Found a roughly hewn altar of Beogh.
 35646 | Orc:1    | Found Keniqoz's Jewellery Shoppe.
 35752 | Orc:1    | Noticed a stone giant
 35766 | Orc:1    | Killed a stone giant
 35842 | Orc:1    | Reached XP level 15. HP: 63/132 MP: 26/26
 36318 | Orc:1    | Found a roughly hewn altar of Beogh.
 36812 | Orc:2    | Bought the Compendium of the Shifting Entourage for 637
                  | gold pieces
 36823 | Orc:2    | Learned a level 7 spell: Dragon Form
 36836 | Orc:2    | Bought a pair of warped gloves for 256 gold pieces
 36846 | Orc:2    | Identified the +2 pair of gloves "Roentin" {rPois rN+} (You
                  | bought it in a shop on level 2 of the Orcish Mines)
 37016 | D:5      | Bought a +0 shield for 49 gold pieces
 37030 | D:5      | Got a transparent large shield
 37041 | D:5      | Identified the +8 large shield of Nuyju {*Drain rN++ Str+2
                  | Dex-4} (You acquired it on level 5 of the Dungeon)
 37712 | Snake:1  | Entered Level 1 of the Snake Pit
 37712 | Snake:1  | Noticed Frances
 37729 | Lair:2   | Killed Frances
 37729 | Lair:2   | Reached skill level 1 in Transmutations
 38471 | Snake:1  | Noticed Asterion
 38473 | Snake:1  | Noticed an Executioner
 38834 | Shoals:1 | Entered Level 1 of the Shoals
 41077 | Shoals:2 | Noticed a kraken
 42113 | Shoals:2 | Reached skill level 5 in Transmutations
 42141 | Shoals:2 | Found Qylibawn's Jewellery Shoppe.
 42149 | Shoals:2 | Bought the ring "Kaquy" {rElec rC+} for 546 gold pieces
 43826 | Shoals:3 | Noticed Kirke
 43849 | Shoals:2 | Killed Kirke
 47077 | Elf:1    | Entered Level 1 of the Elven Halls
 47639 | Orc:2    | Reached skill level 13 in Fighting
 47894 | Elf:1    | Found a radiant altar of Vehumet.
 48543 | Elf:1    | Reached XP level 16. HP: 89/143 MP: 22/28
 48555 | Elf:1    | Noticed a Tzitzimitl
 49503 | Elf:1    | Reached skill level 10 in Transmutations
 49508 | Elf:1    | Quit the game

Vault maps used:
D:1:      dpeg_arrival_tiny_i, serial_bayou_lagoon_a
D:2:      first_ration, chequers_ecumenical_altar_simple
D:3:      minivault_24
D:4:      ebering_ghost_disaster_area
D:5:      gammafunk_cloud_chamber, lemuel_doored_altar, marbit_many_paths,
          minmay_temple_entry_junction_2, enter_ossuary_2, serial_shops, shop,
          uniq_ijyb, uniq_grinder, uniq_blork_the_orc, uniq_sigmund, uniq_edmund
D:7:      xom_redecorated, serial_shops, shop
D:8:      blue_anna_alchemist
D:9:      grunt_temple_overflow_diamond
D:10:     cheibrodos_iron_armory, orc_0_dummy, hive_lemuel, uniq_snorg,
          uniq_sonja
D:11:     grunt_lair_entry_orc_guard_hut, nrook_guardian_serpent_ordinary,
          uniq_fannar
D:13:     erik_vaults_1, serial_shops, kennysheep_little_box,
          ebering_ghost_inner_flame, minmay_guarded_unrand_vampires_tooth
D:14:     grunt_decor_cap, ebering_ghost_reflecting_pool, minivault_16
Temple:   regret_index_temple_sphere_string
Lair:1:   gammafunk_ghost_cemetery
Lair:2:   shoals_dummy_entry, minmay_snake_entry_six_corridors,
          gammafunk_lair_bear_cave
Lair:3:   portal_ice_cave_entry_ice_beasts, gammafunk_ghost_arena,
          grunt_megastairs_2
Lair:5:   slime_altar_1, uniq_nessos
Lair:6:   grunt_lair_end_beastmaster, st_stairs_8
Shoals:1: yaktaur_hedge
Shoals:2: serial_shops, shop, overgrown_tower
Shoals:3: uniq_kirke
Snake:1:  uniq_asterion, uniq_frances
Orc:1:    serial_shops, shop, minmay_orc_temple_c
Orc:2:    grunt_orc_cross, basic_altar
Elf:1:    eino_elf_arrival_altar, serial_shops,
          nicolae_shop_temple_entry_statues_fountains, orc_legates,
          onia_ninara_cookie
Ossuary:  ossuary_minmay_scorpions

Skill      XL: |  1  2  3  4  5  6  7  8  9 10 11 12 13 14 15 16 |
---------------+-------------------------------------------------+-----
Dodging        | 1 2 4 5 7 8 11 12 | 12.0
Fighting       | 4 6 8 10 11 12 13 | 13.0
Shields        | 2 4 7 12 | 12.4
Unarmed Combat | 6 10 11 12 | 12.0
Evocations     | 2 4 |  4.0
Invocations    | 3 5 8 11 | 11.0
Spellcasting   | 3 4 7 8 |  8.0
Translocations | 2 4 |  4.0
Transmutations | 8 10 | 10.0
Maces & Flails | |  5.0
Stealth        | |  1.0

Action                   |  1- 3 |  4- 6 |  7- 9 | 10-12 | 13-15 | 16-18 || total
-------------------------+-------+-------+-------+-------+-------+-------++-------
Melee: Mace              |    94 |   185 |       |       |       |       ||   279
       Tailslap          |    12 |    12 |    77 |   246 |   508 |    15 ||   870
       Quarterstaff      |       |     2 |   452 |       |       |       ||   454
       Unarmed           |       |       |    79 |   965 |  1889 |    66 ||  2999
       Punch             |       |       |     1 |       |       |     2 ||     3
       Bite              |       |       |       |       |       |     1 ||     1
 Fire: Blowgun           |       |    12 |     1 |       |       |       ||    13
Throw: Tomahawk          |       |       |    10 |    10 |    17 |       ||    37
 Cast: Blink             |       |       |       |     2 |    18 |     1 ||    21
       Mephitic Cloud    |       |       |       |       |    28 |       ||    28
       Dragon Form       |       |       |       |       |       |     3 ||     3
Invok: Slouch            |       |       |       |       |    21 |     1 ||    22
       Step From Time    |       |       |       |       |     1 |       ||     1
       Temporal Distorti |       |       |       |       |     1 |       ||     1
 Abil: Breathe Dispellin |       |       |     2 |       |     2 |     2 ||     6
       Evoke Flight      |       |       |       |     1 |       |       ||     1
Evoke: Wand              |       |       |       |    35 |   113 |       ||   148
       Phial of floods   |       |       |       |       |     4 |       ||     4
       Sack of spiders   |       |       |       |       |     5 |       ||     5
       Phantom mirror    |       |       |       |       |     1 |       ||     1
  Use: Potion            |       |     1 |     5 |     7 |    21 |       ||    34
       Scroll            |       |     5 |     7 |    15 |    33 |     1 ||    61
 Stab: Sleeping          |     1 |     1 |     3 |     7 |    10 |       ||    22
       Distracted        |       |       |     1 |     1 |     4 |       ||     6
       Confused          |       |       |       |       |    14 |       ||    14
       Invisible         |       |       |       |       |     7 |       ||     7
  Eat: Chunk             |     3 |    11 |     8 |    21 |    22 |       ||    65
       Ration            |       |       |     3 |     1 |     6 |     2 ||    12
Armor: Skin              |    22 |    61 |   175 |   183 |   229 |    27 ||   697
Dodge: Dodged            |    59 |   117 |   348 |   687 |  1149 |    69 ||  2429
Block: Buckler           |       |       |    22 |   310 |   363 |       ||   695
       Shield            |       |       |       |       |   647 |    11 ||   658
       Large shield      |       |       |       |       |    50 |       ||    50

Table legend:
 A = Non-vault XP
 B = Vault XP
 C = Vault XP percentage of total XP
 D = Non-vault monster count
 E = Vault monster count
 F = Vault count percentage of total count
                 A         B        C        D         E       F
            +---------+---------+-------+---------+---------+-------
      Total |  110744 |   54215 |  32.9 |     541 |     198 |  26.8
            +---------+---------+-------+---------+---------+-------
        D:1 |      61 |       0 |   0.0 |      33 |       0 |   0.0
        D:2 |      80 |       0 |   0.0 |      14 |       0 |   0.0
        D:3 |     259 |       0 |   0.0 |      24 |       0 |   0.0
        D:4 |     271 |     310 |  53.4 |      14 |       1 |   6.7
        D:5 |     957 |    1182 |  55.3 |      21 |       7 |  25.0
        D:6 |     886 |       0 |   0.0 |      16 |       0 |   0.0
        D:7 |     796 |       0 |   0.0 |      12 |       0 |   0.0
        D:8 |    1377 |      95 |   6.5 |      23 |       1 |   4.2
        D:9 |    1496 |       0 |   0.0 |      17 |       0 |   0.0
       D:10 |    2295 |    3083 |  57.3 |      28 |      14 |  33.3
       D:11 |    3299 |    2699 |  45.0 |      26 |      10 |  27.8
       D:12 |    4851 |       0 |   0.0 |      25 |       0 |   0.0
       D:13 |    5239 |    3043 |  36.7 |      26 |       8 |  23.5
       D:14 |     144 |       0 |   0.0 |       2 |       0 |   0.0
     Lair:1 |    4461 |    2648 |  37.2 |      15 |       3 |  16.7
     Lair:2 |    3562 |    4908 |  57.9 |      11 |      23 |  67.6
     Lair:3 |    4489 |    3200 |  41.6 |      24 |      13 |  35.1
     Lair:4 |    1330 |       0 |   0.0 |       4 |       0 |   0.0
     Lair:5 |    4013 |     141 |   3.4 |      10 |       1 |   9.1
     Lair:6 |   15640 |   11519 |  42.4 |      33 |      20 |  37.7
   Shoals:1 |    6003 |     349 |   5.5 |      14 |       1 |   6.7
   Shoals:2 |   13972 |    2042 |  12.8 |      32 |       1 |   3.0
   Shoals:3 |   12545 |       0 |   0.0 |      32 |       0 |   0.0
    Snake:1 |    2461 |       0 |   0.0 |       8 |       0 |   0.0
      Orc:1 |    3721 |    2108 |  36.2 |      22 |      22 |  50.0
      Orc:2 |    4651 |   11736 |  71.6 |      35 |      35 |  50.0
      Elf:1 |   11885 |    4197 |  26.1 |      20 |       7 |  25.9
    Ossuary |       0 |     955 | 100.0 |       0 |      31 | 100.0
            +---------+---------+-------+---------+---------+-------
